 Dungeon Crawl Stone Soup version 0.30-a0-374-g95c0257040 (webtiles) character file.

Game seed: 12729746344921019867

5095 NinjaNoafa the Destroyer (level 10, -10/69 HPs)
             Began as a Yellow Draconian Conjurer on Nov 26, 2022.
             Was a Follower of Vehumet.
             Mangled by a freezing wraith (34 damage)
             ... on level 7 of the Dungeon.
             The game lasted 00:28:04 (9862 turns).

NinjaNoafa the Destroyer (DrCj)                     Turns: 9862, Time: 00:28:04

Health: -10/69     AC:  8    Str:  9    XL:     10   Next: 32%
Magic:  9/23       EV: 12    Int: 24    God:    Vehumet [*.....]
Gold:   428        SH:  0    Dex:  9    Spells: 8/28 levels left

rFire   + . .      SeeInvis .    y - staff of conjuration
rCold   x . .      Faith    +    (no shield)
rNeg    . . .      Spirit   .    (body armour unavailable)
rPois   +          Reflect  .    (helmet restricted)
rElec   .          Harm     .    (no cloak)
rCorr   +          Rampage  .    u - +0 pair of gloves
Will    .....                    (no boots)
Stlth   ++........               j - amulet of faith
HPRegen 0.31/turn                n - ring of poison resistance
MPRegen 0.18/turn                s - ring of fire

@: slowed, very slow
A: spit acid, AC +7, unfitting armour, cold-blooded, acid resistance
a: Breathe Acid, Renounce Religion


You were on level 7 of the Dungeon.
You worshipped Vehumet.
Vehumet was aware of your devotion.
You visited 2 branches of the dungeon, and saw 8 of its levels.
You also visited: Sewer.

You collected 428 gold pieces.

Inventory:

Missiles
 c - 44 stones
 p - 3 javelins
 r - a throwing net
 A - 4 curare-tipped darts
 E - 5 poisoned darts
Armour
 u - a +0 pair of gloves (worn)
Magical Staves
 y - a staff of conjuration (weapon)
Jewellery
 a - a ring of ice
 j - an amulet of faith (around neck)
 n - a ring of poison resistance (left hand)
 s - a ring of fire (right hand)
Wands
 d - a wand of flame (3)
Scrolls
 b - 4 scrolls of poison
 g - 2 scrolls of teleportation
 h - a scroll of magic mapping
 i - 2 scrolls of fog
 k - a scroll of blinking
 o - 3 scrolls of immolation
 w - a scroll of noise
 x - a scroll of enchant armour {unknown}
 z - a scroll of fear
 B - a scroll of enchant weapon {unknown}
 D - a scroll of amnesia {unknown}
 F - 2 scrolls of identify
Potions
 e - a potion of heal wounds
 f - 3 potions of flight
 l - a potion of attraction
 m - 4 potions of degeneration
 q - a potion of haste
 t - a potion of brilliance
 v - 3 potions of berserk rage
 C - 2 potions of magic


   Skills:
 - Level 1.7 Dodging
 - Level 1.7 Stealth
 + Level 9.9 Spellcasting
 - Level 10.0 Conjurations
 + Level 4.9 Hexes
 - Level 3.0 Translocations


You had 8 spell levels left.
You knew the following spells:

 Your Spells              Type           Power      Damage    Failure   Level
a - Magic Dart            Conj           100%       1d8       1%          1
b - Searing Ray           Conj           100%       2d8       1%          2
c - Dazzling Flash        Conj/Hex       100%       N/A       1%          3
d - Fulminant Prism       Conj/Hex       32%        3d16      2%          4
e - Iskenderun's Mystic   Conj/Tloc      59%        2d12      3%          4
f - Freeze                Ice            44%        1d6       5%          1
g - Iskenderun's Battles  Conj           74%        2d12      2%          5

Your spell library contained the following spells:

 Spells                   Type           Power      Damage    Failure   Level
 Beastly Appendage        Tmut           22%        N/A       5%          1
 Wereblood                Tmut           11%        N/A       9%          2
 Spider Form              Tmut/Pois      11%        N/A       16%         3
 Fireball                 Conj/Fire      34%        3d14      19%         5
 Orb of Destruction       Conj           37%        9d11      58%         7
 Conjure Ball Lightning   Conj/Air       26%        3x3d8     71%         6


Dungeon Overview and Level Annotations

Branches:
Dungeon (7/15)             Temple (1/1) D:5           Sewer (visited)

Altars:
Ashenzari
Cheibriados
Dithmenos
Fedhas
Gozag
Hepliaklqana
Kikubaaqudgha
Makhleb
Okawaru
Qazlal
Ru
Sif Muna
Uskayaw
Vehumet
Wu Jian
Xom
Yredelemnul
Zin
The Shining One


Innate Abilities, Weirdness & Mutations

You can spit globs of acid.
Your golden yellow scales are hard. (AC +7)
You cannot fit into any form of body armour.
You are cold-blooded and may be slowed by cold attacks.
You are resistant to acid. (rCorr)


Message History

The searing ray hits the freezing wraith.
The freezing wraith is lightly damaged. (Press . to maintain the ray.)
The searing ray hits the freezing wraith.
The freezing wraith is lightly damaged.
The searing ray hits the freezing wraith.
The freezing wraith is lightly damaged.
The freezing wraith hits you but does no damage.
The freezing wraith barely misses you.
Casting: Searing Ray (safe; 1% risk of failure)
Confirm with . or Enter, or press ? or * to list all spells.
Restarting spell: Searing Ray (safe; 1% risk of failure)
Press: ? - help, Shift-Dir - straight line, f/p - freezing wraith
Aim: a freezing wraith (lightly damaged, 83% to hit)
You feel a surge of power!
The searing ray hits the freezing wraith.
The freezing wraith is moderately damaged. (Press . to maintain the ray.)
The freezing wraith hits you! The freezing wraith freezes you!!
You feel a terrible chill!
You feel yourself slow down.
The freezing wraith hits you but does no damage.
Casting: Searing Ray (safe; 1% risk of failure)
Confirm with . or Enter, or press ? or * to list all spells.
You feel a surge of power!
You erupt in a blast of force!
The mystic blast hits the freezing wraith!
The freezing wraith is severely damaged.
The freezing wraith is knocked back by the mystic blast.
Casting: Iskenderun's Mystic Blast (dangerous; 3% risk of failure)
Confirm with . or Enter, or press ? or * to list all spells.
Aiming: Fulminant Prism (dangerous; 2% risk of failure)
Press: ? - help, Dir - move target, p - freezing wraith You feel a surge of power!
You conjure a prism of explosive energy!
A fulminant prism comes into view.
You feel yourself speed up. The freezing wraith closely misses you.
The freezing wraith barely misses you.
Your fulminant prism crackles loudly.
The freezing wraith hits you! The freezing wraith freezes you!!
You feel a terrible chill!
You feel yourself slow down.
You die...

#.# #.....##..##.### #.#
##...###.......# #.# ##.##
#.###.#.### #.#
##.####.###.....# #.###
##..##..##.....#.# ....#
###....*...####..#.# #.#.#
#...........# #....# #.#.##
#......W....# #.##.# .....##
#.#....@...####....#
......####.#........###...#.#
.........'..................#
###...####...........##.....#
#..#######........####.####
#####.# ###..##..## #.#
♣♣.♣♣#.###.#.....)# #.#
♣♣...♣#.##..##'##### #.#
....[h...h.###.# #.#


You could see a freezing wraith (ally target) and a friendly fulminant prism.

Vanquished Creatures
  The ghost of Shayle the Trooper, a novice DsRe (D:5)
  A hornet (D:7)
  2 trolls (D:7)
  Grinder (D:6)
  2 shadows (D:7)
  Eustachio (D:5)
  A steam dragon (D:7)
  Duvessa (D:4)
  4 water moccasins
  A black bear (D:7)
  2 ice beasts (D:7)
  3 ogres
  A centaur (D:5)
  2 kobold brigands (D:7)
  Blork the orc (D:5)
  6 bullfrogs
  A gnoll sergeant (D:6)
  A scorpion (D:6)
  2 necrophages
  4 wights
  Dowan (D:4)
  A killer bee (D:7)
  An electric eel (D:7)
  A howler monkey (D:5)
  3 jellies
  3 orc priests
  7 hounds
  2 gnoll boudas
  6 iguanas
  A merfolk siren (Sewer)
  An orc wizard (D:3)
  A merfolk avatar (Sewer)
  12 gnolls
  2 river rats (Sewer)
  7 adders
  3 shadow imps
  A white imp (D:7)
  An ufetubus (D:4)
  An adder zombie (D:3)
  4 worms
  4 dart slugs
  26 orcs
  9 endoplasms
  3 giant cockroaches
  2 goblins
  6 hobgoblins
  7 jackals (D:1)
  3 kobolds
  8 quokkas
  11 ball pythons
  2 bats
  9 frilled lizards
  A quokka zombie (D:3)
  25 rats
213 creatures vanquished.

Vanquished Creatures (others)
  19 fulminant prisms
  6 plants (D:7)
  4 withered plants (D:5)
29 creatures vanquished.

Grand Total: 242 creatures vanquished

Notes
Turn   | Place    | Note
-------+----------+-------------------------------------------
     0 | D:1      | NinjaNoafa the Draconian Conjurer began the quest for the
                  | Orb.
     0 | D:1      | Reached XP level 1. HP: 14/14 MP: 3/3
   226 | D:1      | Reached XP level 2. HP: 12/20 MP: 0/5
   338 | D:1      | Found a faded altar of an unknown god.
   988 | D:2      | Learned a level 2 spell: Searing Ray
  1026 | D:2      | Found a shimmering blue altar of Sif Muna.
  1121 | D:2      | Reached XP level 3. HP: 18/26 MP: 2/7
  1226 | D:3      | Found a glowing drain.
  1243 | Sewer    | Entered a sewer
  1564 | Sewer    | Noticed a sickly merfolk siren
  1569 | Sewer    | Killed a sickly merfolk siren
  1570 | Sewer    | Reached XP level 4. HP: 33/33 MP: 2/8
  1842 | Sewer    | Noticed a malarious merfolk avatar
  1856 | Sewer    | Killed a malarious merfolk avatar
  1857 | Sewer    | Reached skill level 5 in Conjurations
  2330 | D:2      | Reached XP level 5. HP: 28/38 MP: 2/10
  3448 | D:3      | Found a basalt altar of Yredelemnul.
  3993 | D:4      | Reached XP level 6. HP: 45/45 MP: 2/13
  4188 | D:4      | Noticed Duvessa
  4188 | D:4      | Noticed Dowan
  4297 | D:3      | Reached skill level 5 in Spellcasting
  4385 | D:4      | Killed Duvessa
  4593 | D:4      | Killed Dowan
  4594 | D:4      | Reached skill level 6 in Conjurations
  4701 | D:4      | Your scales start taking on a golden yellow colour.
  4701 | D:4      | Reached XP level 7. HP: 50/50 MP: 6/15
  4701 | D:4      | Gained mutation: You are resistant to acid. (rCorr) [Yellow
                  | Draconian growth]
  4780 | D:4      | Found a glowing silver altar of Zin.
  4907 | D:4      | You fall into a shaft and drop 3 floors!
  4927 | D:7      | Noticed a shadow
  4931 | D:7      | Killed a shadow
  4956 | D:7      | Noticed a steam dragon
  4967 | D:7      | Reached XP level 8. HP: 49/57 MP: 8/18
  4968 | D:7      | Reached skill level 7 in Conjurations
  5055 | D:7      | Identified the +9 longbow of Dithmenos {flame, rElec Str-5
                  | Dex+2}
  5168 | D:7      | Noticed a troll
  5182 | D:7      | Killed a troll
  5467 | D:6      | Reached skill level 8 in Conjurations
  5473 | D:6      | Found an opulent altar of Gozag.
  5721 | D:6      | Noticed Grinder
  5728 | D:6      | Killed Grinder
  5779 | D:6      | Reached XP level 9. HP: 31/62 MP: 17/21
  5958 | D:6      | Identified the +4 scale mail of the Carved God {rElec
                  | rPois}
  5963 | D:6      | Reached skill level 9 in Conjurations
  6539 | D:5      | Entered Level 5 of the Dungeon
  6541 | D:5      | Found a runed translucent gate.
  6541 | D:5      | Noticed Eustachio
  6587 | D:6      | Learned a level 3 spell: Dazzling Flash
  6592 | D:6      | Learned a level 4 spell: Fulminant Prism
  6597 | D:6      | Learned a level 4 spell: Iskenderun's Mystic Blast
  6909 | D:5      | Found a staircase to the Ecumenical Temple.
  6925 | Temple   | Entered the Ecumenical Temple
  6972 | Temple   | Became a worshipper of Vehumet
  7328 | D:5      | Reached skill level 10 in Conjurations
  7459 | D:5      | Reached skill level 1 in Hexes
  7459 | D:5      | Reached skill level 1 in Translocations
  7582 | D:5      | Found a broken altar of Ashenzari.
  7660 | D:5      | Found a burning altar of Makhleb.
  7813 | D:5      | Killed Eustachio
  7817 | D:5      | Noticed Blork the orc
  7825 | D:5      | Killed Blork the orc
  8003 | D:5      | Found a runed translucent gate.
  8003 | D:5      | Noticed Shayle's ghost (novice DsRe)
  8004 | D:5      | Found a runed translucent gate.
  8004 | D:5      | Identified the +7 sling of Trog's Castigation {flame, *Slow
                  | rC+ rN+ Dex+3}
  8105 | D:5      | Found an ancient bone altar of Kikubaaqudgha.
  8489 | D:5      | Killed Shayle's ghost
  9012 | D:7      | Reached * piety under Vehumet
  9012 | D:7      | Offered knowledge of Freeze by Vehumet.
  9013 | D:7      | Reached XP level 10. HP: 69/69 MP: 18/23
  9020 | D:7      | Learned a level 1 spell: Freeze
  9418 | D:7      | Identified the +6 falchion "Orb Guardian's Foe" {vorpal,
                  | rC+}
  9436 | D:7      | HP: 2/69 [kobold brigand/the +6 falchion "Orb Guardian's
                  | Foe" {vorpal, rC+} (4)]
  9732 | D:7      | Noticed a cyclops
  9743 | D:7      | Noticed a cyclops
  9744 | D:7      | Noticed a gargoyle
  9819 | D:7      | Learned a level 5 spell: Iskenderun's Battlesphere
  9862 | D:7      | Mangled by a freezing wraith

Illustrated notes

Levels and vault maps discovered:
D:1:      ncdulo_smallfort, layout_basic, chequers_ecumenical_altar_island
D:2:      layout_rooms, basic_altar
D:3:      layout_rooms, lemuel_zombie_altar_yredelemnul, portal_sewer_entry_b
D:4:      layout_basic, zin_statuary, uniq_duvessa
D:5:      layout_gridville, mainiacjoe_overflow_surrounded_room,
          kiku_gazebo_garden_becter, mainiacjoe_overflow_cross_hatched,
          minmay_temple_entry_glassed_door, biasface_ghost_orc_armoury,
          uniq_blork_the_orc, uniq_eustachio
D:6:      layout_basic, grunt_gozag_statues, uniq_grinder
D:7:      nzn_winding_woodlands_large [nzn_winding_woodlands_5x5_perimeter,
          nzn_winding_woodlands_5x15_sidewinder,
          nzn_winding_woodlands_5x5_closed_star,
          nzn_winding_woodlands_center_pierced_h,
          nzn_winding_woodlands_15x15_thick_spiral,
          nzn_winding_woodlands_center_lodge,
          nzn_winding_woodlands_5x5_checkerboard,
          nzn_winding_woodlands_5x15_default,
          nzn_winding_woodlands_5x5_default], layout_loops_corners,
          serial_bayou, serial_bayou_pond_d, serial_bayou_shore_a,
          serial_bayou_crossing, serial_bayou_pond_a, st_stairs_5
Temple:   cyrus_circular_temple

Skill      XL: |  1  2  3  4  5  6  7  8  9 10 |
---------------+-------------------------------+-----
Spellcasting   | 3 4 5 7 8 9 |  9.9
Conjurations   | 5 6 8 10 | 10.0
Hexes          | 3 4 |  4.9
Translocations | 3 |  3.0
Dodging        | |  1.7
Stealth        | |  1.7

Action                   |  1- 3 |  4- 6 |  7- 9 | 10-12 || total
-------------------------+-------+-------+-------+-------++-------
Melee: Unarmed           |    44 |    10 |       |       ||    54
       Tailslap          |     9 |     1 |     2 |     4 ||    16
       Quarterstaff      |       |    12 |     4 |       ||    16
       Staff             |       |       |     3 |    17 ||    20
 Fire: Longbow           |       |       |    35 |       ||    35
Throw: Javelin           |       |     3 |       |     2 ||     5
 Cast: Magic Dart        |    58 |    91 |    38 |    11 ||   198
       Searing Ray       |     9 |    32 |    30 |    12 ||    83
       Iskenderun's Myst |       |       |    14 |     5 ||    19
       Fulminant Prism   |       |       |    10 |    10 ||    20
       Freeze            |       |       |       |     1 ||     1
 Abil: Breathe Acid      |       |       |    11 |     4 ||    15
  Use: Potion            |       |     4 |       |     3 ||     7
       Scroll            |       |     7 |     8 |     1 ||    16
Armor: Skin              |    24 |    49 |    39 |    13 ||   125
Dodge: Dodged            |    68 |   124 |    57 |    43 ||   292

Table legend: (Time is in decaauts)
 A = Elapsed time spent in this place.
 B = Non-inter-level travel time spent in this place.
 C = Inter-level travel time spent in this place.
 D = Time resting spent in this place.
 E = Time spent auto-exploring this place.
 F = Levels seen in this place.
 G = Mean time per level.
                   A        B        C        D        E       F      G
               +--------+--------+--------+--------+--------+-----+--------+
         Total |   9981 |   9443 |    538 |    178 |   7566 |   9 | 1109.0 |
       Dungeon |   8980 |   8455 |    525 |    178 |   6853 |   7 | 1282.9 |
        Temple |     60 |     47 |     13 |      0 |     34 |   1 |   60.0 |
         Sewer |    941 |    941 |      0 |      0 |    678 |   1 |  941.0 |
               +--------+--------+--------+--------+--------+-----+--------+

Top non-repeatable levels by time:
     D:7: 1738 daAuts
     D:5: 1508 daAuts
     D:6: 1426 daAuts
     D:4: 1299 daAuts
     D:3: 1182 daAuts
     D:1: 953 daAuts
   Sewer: 941 daAuts
     D:2: 870 daAuts
  Temple: 60 daAuts
